 Dungeon Crawl Stone Soup version 0.29-a0-925-g0a7a3d12f8 (webtiles) character file.

Game seed: 15633901543006150943

583248 Selrock the Conqueror (level 27, -7/199 HPs)
             Began as a Gargoyle Fighter on July 27, 2022.
             Was the Champion of Okawaru.
             Killed from afar by an orb of fire (38 damage)
             ... with a fireball
             ... on level 5 of the Realm of Zot on July 28, 2022.
             The game lasted 04:49:59 (60064 turns).

Selrock the Conqueror (Gargoyle Fighter)           Turns: 60064, Time: 04:50:00

Health: -7/199     AC: 69    Str: 41    XL:     27
Magic:  25/25      EV: 16    Int: 12    God:    Okawaru [******]
Gold:   1670       SH: 23    Dex: 13    Spells: 34/34 levels left

rFire   + . .      SeeInvis +   a - +10 morningstar "Eos" {elec, Halo rElec}
rCold   + + .      Faith    .   k - +5 tower shield of Polong {*Corrode rC+ rN+ Slay+2}
rNeg    + + .      Spirit   .   z - +5 gold dragon scales
rPois   ∞          Reflect  .   T - +0 mask of the Dragon {Will+ Slay+3 SInv}
rElec   +          Harm     .   X - +2 cloak of Tartarus {rCorr Int+3 Dex+3}
rCorr   +          Rampage  .   J - +2 pair of gloves
Will    +++..      Rage     3%  p - +2 pair of boots of Otai {Regen+}
Stlth   ..........              D - amulet of Vitality {RegenMP++ Regen++}
HPRegen 2.83/turn               K - ring "Qoroi" {+Blink AC+4 Str+4}
MPRegen 0.99/turn               L - +6 ring of strength

@: on berserk cooldown, flying, slowed, glowing, studying 3 skills, unable to
read, very slow
A: sickness immunity, AC +20, big wings, negative energy resistance 1,
electricity resistance, torment resistance 1, petrification resistance,
iridescent scales 2, berserk 1, clumsy 1, dopey 1, low MP 2, strong 1, inability
to read while threatened 1
}: 3/15 runes: decaying, silver, gossamer
a: Renounce Religion, Evoke Blink, Heroism, Finesse, Duel


You were on level 5 of the Realm of Zot.
You worshipped Okawaru.
Okawaru was exalted by your worship.
You visited 10 branches of the dungeon, and saw 48 of its levels.
You visited the Abyss 2 times.
You also visited: Sewer, Ossuary, Gauntlet, Ice Cave and Volcano.

You collected 7767 gold pieces.
You spent 6097 gold pieces at shops.

Inventory:

Hand Weapons
 a - the +10 morningstar "Eos" (weapon) {elec, Halo rElec}
   (You acquired it on level 5 of the Dungeon)

   It occasionally discharges a powerful burst of electricity upon striking a
   foe.
   It grants its wielder a halo, revealing invisible creatures and increasing
   accuracy against all within it other than the wielder.
   rElec:     It insulates you from electricity.
 b - the +4 morningstar of Dithmenos, Dripping {spect, *Noise Dex+9}
   (You took it off a frost giant on level 5 of the Vaults)

   When its wielder attacks, the weapon's spirit leaps out and strikes again.
   The spirit shares a part of any damage it takes with its wielder.
   Dex:       It affects your dexterity (+9).
   *Noise:    It may make noises in combat.
Missiles
 m - 57 poisoned darts
 A - 12 curare-tipped darts
 E - 27 atropa-tipped darts
 G - 16 silver javelins
 H - 32 boomerangs (quivered)
 P - 39 javelins
Armour
 c - a +3 buckler of reflection
 f - a +2 ring mail of fire resistance
 k - the +5 tower shield of Polong (worn) {*Corrode rC+ rN+ Slay+2}
   (Okawaru gifted it to you on level 5 of the Realm of Zot)

   Slay:      It affects your accuracy & damage with ranged weapons and melee
   (+2).
   rC:        It protects you from cold.
   rN:        It protects you from negative energy.
   *Corrode:  It may corrode you when you take damage.
 p - the +2 pair of boots of Otai (worn) {Regen+}
   (You acquired it on level 2 of the Dungeon)

   Regen:     It increases your rate of health regeneration.
 r - a +2 plate armour of willpower
 z - +5 gold dragon scales (worn)
 J - a +2 pair of gloves (worn)
 O - the +4 dragonskin cloak
   (You took it off Tiamat on level 1 of the Realm of Zot)

   It grants the wearer a chance to resist fire, cold, poison, electricity,
   acid, and negative energy.
 S - a +3 plate armour of cold resistance
 T - the +0 mask of the Dragon (worn) {Will+ Slay+3 SInv}
   (Okawaru gifted it to you on level 3 of the Elven Halls)

   Slay:      It affects your accuracy & damage with ranged weapons and melee
   (+3).
   SInv:      It lets you see invisible.
   Will:      It increases your willpower.
 X - the +2 cloak of Tartarus (worn) {rCorr Int+3 Dex+3}
   (Okawaru gifted it to you in an ice cave)

   Int:       It affects your intelligence (+3).
   Dex:       It affects your dexterity (+3).
   rCorr:     It protects you from acid and corrosion.
Jewellery
 D - the amulet of Vitality (around neck) {RegenMP++ Regen++}
   (You bought it in a shop on level 7 of the Dungeon)

   [amulet of magic regeneration]

   It increases your rate of magic regeneration.
   Regen:     It increases your rate of health regeneration.
 K - the ring "Qoroi" (left hand) {+Blink AC+4 Str+4}
   (You bought it in a shop on level 7 of the Dungeon)

   [ring of protection]

   AC:        It affects your AC (+4).
   Str:       It affects your strength (+4).
   +Blink:    It lets you blink.
 L - a +6 ring of strength (right hand)
 Q - the amulet of Titoc {Spirit Will+}
   (You bought it in a shop on level 1 of the Orcish Mines)

   [amulet of guardian spirit]

   It causes incoming damage to be divided between your reserves of health and
   magic.
   Will:      It increases your willpower.
 Z - an amulet of reflection
Wands
 o - a wand of digging (19)
 u - a wand of roots (39)
 v - a wand of flame (61)
 B - a wand of mindburst (31)
 M - a wand of polymorph (10)
 R - a wand of acid (12)
Scrolls
 g - 11 scrolls of teleportation
 l - 4 scrolls of fog
 q - 8 scrolls of enchant weapon
 t - 5 scrolls of fear
 x - 5 scrolls of poison
 y - 6 scrolls of blinking
 F - 3 scrolls of magic mapping
 U - 3 scrolls of amnesia
 V - 22 scrolls of identify
 W - 3 scrolls of silence
 Y - 5 scrolls of brand weapon
Potions
 d - 8 potions of might
 e - 16 potions of curing
 h - 4 potions of magic
 i - 19 potions of brilliance
 j - 13 potions of ambrosia
 n - 3 potions of invisibility
 s - 9 potions of haste
 w - 5 potions of heal wounds
 C - a potion of resistance
 I - 8 potions of mutation
 N - 3 potions of cancellation


   Skills:
 O Level 27 Fighting
 - Level 16.0 Maces & Flails
 - Level 11.1 Throwing
 - Level 21.6 Armour
 + Level 24.1 Dodging
 + Level 14.3 Shields
 + Level 4.2 Spellcasting
 - Level 11.3 Invocations
 - Level 12.3 Evocations


You had 34 spell levels left.
You didn't know any spells.
Your spell library contained the following spells:

 Spells                   Type           Power      Damage    Failure   Level
 Apportation              Tloc           4%         N/A       99%         1
 Beastly Appendage        Tmut           4%         N/A       99%         1
 Foxfire                  Conj/Fire      8%         2x1d4     99%         1
 Freeze                   Ice            8%         1d3       99%         1
 Magic Dart               Conj           8%         1d3       99%         1
 Necrotise                Necr           8%         1d4       99%         1
 Sandblast                Erth           4%         2d4       99%         1
 Sting                    Tmut/Pois      8%         1d3       99%         1
 Blink                    Tloc           4%         N/A       100%        2
 Ensorcelled Hibernation  Hex/Ice        4%         N/A       100%        2
 Passwall                 Tmut/Erth      1%         N/A       100%        2
 Poisonous Vapours        Pois/Air       4%         N/A       100%        2
 Static Discharge         Conj/Air       2%         3-4/arc   100%        2
 Wereblood                Tmut           2%         N/A       100%        2
 Confusing Touch          Hex            2%         N/A       100%        3
 Conjure Flame            Conj/Fire      2%         6-21      100%        3
 Dazzling Flash           Conj/Hex       4%         N/A       100%        3
 Frozen Ramparts          Ice            4%         1d2       100%        3
 Gell's Gravitas          Tloc           2%         N/A       100%        3
 Ignite Poison            Fire/Tmut/Pois 2%         N/A       100%        3
 Inner Flame              Hex/Fire       2%         N/A       100%        3
 Lesser Beckoning         Tloc           2%         N/A       100%        3
 Mephitic Cloud           Conj/Pois/Air  2%         N/A       100%        3
 Portal Projectile        Hex/Tloc       4%         N/A       100%        3
 Spider Form              Tmut/Pois      2%         N/A       100%        3
 Stone Arrow              Conj/Erth      4%         3d7       100%        3
 Teleport Other           Tloc           2%         N/A       100%        3
 Anguish                  Hex/Necr       1%         N/A       100%        4
 Cause Fear               Hex            1%         N/A       100%        4
 Corpse Rot               Necr/Pois/Air  2%         N/A       100%        4
 Dispel Undead            Necr           2%         3d7       100%        4
 Hailstorm                Conj/Ice       2%         3d3       100%        4
 Leda's Liquefaction      Hex/Erth       1%         N/A       100%        4
 Olgreb's Toxic Radiance  Pois           2%         N/A       100%        4
 Passage of Golubria      Tloc           2%         N/A       100%        4
 Petrify                  Tmut/Erth      2%         N/A       100%        4
 Sticky Flame             Conj/Fire      2%         2d3       100%        4
 Agony                    Necr           2%         N/A       100%        5
 Alistair's Intoxication  Tmut/Pois      1%         N/A       100%        5
 Blade Hands              Tmut           1%         N/A       100%        5
 Borgnjor's Vile Clutch   Necr/Erth      1%         N/A       100%        5
 Fireball                 Conj/Fire      1%         3d3       100%        5
 Irradiate                Conj/Tmut      1%         3d12      100%        5
 Iskenderun's Battlesphe  Conj           2%         2d6       100%        5
 Lightning Bolt           Conj/Air       1%         1d12      100%        5
 Manifold Assault         Tloc           2%         N/A       100%        5
 Metabolic Englaciation   Hex/Ice        1%         N/A       100%        5
 Silence                  Hex/Air        1%         N/A       100%        5
 Yara's Violent Unravell  Hex/Tmut       1%         3d3       100%        5
 Conjure Ball Lightning   Conj/Air       1%         3x3d6     100%        6
 Dispersal                Tloc           1%         N/A       100%        6
 Eringya's Noxious Bog    Tmut/Pois      1%         N/A       100%        6
 Starburst                Conj/Fire      1%         6d3       100%        6
 Dragon Form              Tmut           1%         N/A       100%        7
 Enfeeble                 Hex            1%         N/A       100%        7
 Orb of Destruction       Conj           1%         9d5       100%        7
 Storm Form               Tmut/Air       1%         N/A       100%        7
 Discord                  Hex            1%         N/A       100%        8
 Disjunction              Tloc           1%         N/A       100%        8
 Ignition                 Fire           1%         3d3       100%        8
 Lehudib's Crystal Spear  Conj/Erth      1%         10d2      100%        8
 Maxwell's Capacitive Co  Air            1%         ∞         100%        8
 Summon Small Mammal      Summ           Unusable   N/A       N/A         1
 Call Imp                 Summ           Unusable   N/A       N/A         2
 Sublimation of Blood     Necr           Unusable   N/A       N/A         2
 Call Canine Familiar     Summ           Unusable   N/A       N/A         3
 Summon Guardian Golem    Hex/Summ       Unusable   N/A       N/A         3
 Tukima's Dance           Hex            Unusable   N/A       N/A         3
 Summon Lightning Spire   Summ/Air       Unusable   N/A       N/A         4
 Simulacrum               Ice/Necr       Unusable   N/A       N/A         6
 Spellforged Servitor     Conj/Summ      Unusable   N/A       N/A         7
 Summon Hydra             Summ           Unusable   N/A       N/A         7
 Dragon's Call            Summ           Unusable   N/A       N/A         9

Dungeon Overview and Level Annotations

Branches:
Dungeon (15/15)            Temple (1/1) D:6            Lair (5/5) D:11
  Swamp (4/4) Lair:2       Spider (4/4) Lair:2        Slime (0/5) Lair:5
    Orc (2/2) D:9             Elf (3/3) Orc:2        Vaults (5/5) D:13
  Crypt (0/3) Vaults:2     Depths (4/4) D:15            Zot (5/5) Depths:4
  Sewer (visited)         Ossuary (visited)           IceCv (visited)
Volcano (visited)         Gauntlet (visited)

Altars:
Ashenzari
Cheibriados
Dithmenos
Elyvilon
Fedhas
Gozag
Hepliaklqana
Kikubaaqudgha
Makhleb
Nemelex Xobeh
Okawaru
Qazlal
Ru
Sif Muna
Trog
Uskayaw
Vehumet
Wu Jian
Xom
Yredelemnul
Zin
The Shining One
Jiyva

Shops:
D:2 *   D:4 (   D:7 =:*:(   D:9 :   Orc:1 *=**   Orc:2 [**=   Elf:1 !   Elf:2 *
Elf:3 (   Vaults:1 (   Vaults:2 ?   Zot:5 *   Depths:3 *

Portals:
Hell: Depths:1 Depths:2 Depths:3 Depths:4
Abyss: Depths:3 Depths:4
Pandemonium: Depths:2
Ziggurat: Depths:1

Annotations:
Depths:2 2 transporters


Innate Abilities, Weirdness & Mutations

You are immune to sickness and miasma.
Your stone body is resilient. (AC +20)
You are immune to poison.
Your large and strong wings let you fly.
You resist negative energy. (rN+)
You are resistant to electric shocks. (rElec)
You are resistant to unholy torment.
You are immune to petrification.
You are mostly covered in iridescent scales. (AC +4)
You sometimes lose your temper in combat.
You are clumsy. (Dex -2)
You are dopey. (Int -2)
Your magical capacity is very low. (-20% MP)
Your muscles are strong. (Str +4, Int/Dex -1)
You occasionally lose the ability to read scrolls when taking damage.


Message History

The orb of fire emits a lurid red light.
The fireball explodes!
The fireball engulfs the orb of fire.
The orb of fire completely resists.
The fireball engulfs the orb of fire.
The orb of fire completely resists.
The fireball engulfs you! You resist.
The orb of fire glows bright magenta.
Strange energies course through your body.
You feel less energetic.
The orb of fire emits a lurid red light.
The fireball explodes!
The fireball engulfs you!!! You resist.
You feel threatened and lose the ability to read scrolls!
* * * LOW HITPOINT WARNING * * *
The orb of fire glows yellow.
The bolt of fire hits you! You resist.
* * * LOW HITPOINT WARNING * * *
Okay, then.
You cannot read scrolls in your current state!
Okay, then.
Okay, then.
You cannot read scrolls in your current state!
Save game and exit?
Welcome back, Selrock the Gargoyle Fighter.
Okawaru says: Bring me glory in combat!
Press ? for a list of commands and other information.
Okay, then.
Press: ? - help, v - describe, . - travel
Here: an orb of fire (haloed)
The floor, spattered with blood.
Unknown command.
You feel much better.
The orb of fire glows yellow.
The fireball explodes!
The fireball engulfs you! You resist.
* * * LOW HITPOINT WARNING * * *
The fireball engulfs the orb of fire.
The orb of fire completely resists.
The fireball engulfs the orb of fire.
The orb of fire completely resists.
The fireball engulfs the orb of fire.
The orb of fire completely resists.
The orb of fire glows red.
The bolt of fire misses you.
The orb of fire glows yellow.
The fireball explodes!
The fireball engulfs you!!! You resist.
You die...

## #..##..##..# *#... #
#..##..##..# *#...#
####..##..##..#########...##
##..........[.........#.⌠.#*
##........................#*
#
##...####..###..#######...##
###...## #..# #..# ##...## #
.#...## #.^# #<[# ##...###
....## #..# #@*# *#.....#.
...## #..# #**# *#..)#....
..##
##..###*.######...###... .##
##..*X.XL.....#...#* ##..
..## ##.ddL..d.........#*
##. .).##
##...##########...## ##
#...###...## ##...## *
##...#...## ##...##
##.....X.## ##.!.##


You could see 4 orbs of fire, an ancient lich (fast, invisible), a purple
draconian and an Orb Guardian.

Vanquished Creatures
  Tiamat (Zot:1)
  3 ancient liches (Vaults:4)
  2 dread liches
  3 orbs of fire
  A juggernaut (Depths:4)
  Sojobo (Vaults:4)
  Frederick (Depths:3)
  5 Killer Klowns (Zot:1)
  7 curse toes
  Margery (Vaults:5)
  5 caustic shrikes (Depths:4)
  11 golden dragons
  A caustic shrike (shapeshifter) (Vaults:2)
  Nikola (Vaults:2)
  Arachne (Spider:4)
  A pearl dragon (Depths:3)
  Jorgrun (Elf:1)
  3 electric golems
  8 liches
  17 tentacled monstrosities
  11 quicksilver dragons
  6 Orb Guardians (Zot:5)
  2 deep elf blademasters (Elf:3)
  2 deep elf master archers (Elf:3)
  2 acid blobs (Depths:4)
  4 titans
  9 death cobs
  7 sphinxes
  A thorn hunter (Swamp:4)
  18 storm dragons
  9 shadow dragons
  7 tengu reavers
  5 fenstrider witches (Swamp:4)
  7 draconian monks
  4 azure jellies (Depths:4)
  13 draconian knights
  A rockslime (Depths:4)
  8 frost giants
  2 iron dragons
  5 deep elf sorcerers (Elf:3)
  4 emperor scorpions
  Aizul (Elf:1)
  A cacodemon (Gauntlet)
  4 fire giants
  4 orc warlords
  6 draconian annihilators
  14 vault wardens
  6 draconian shifters
  A draconian stormcaller (Zot:2)
  6 draconian scorchers
  4 deep elf elementalists (Elf:3)
  The ghost of Yogidamonk the Severer, a journeyman MiBe of Trog (Swamp:2)
  6 ghost moths
  17 ironbound preservers
  3 ghouls
  26 very ugly things
  A caustic shrike skeleton (Depths:3)
  A quicksilver ooze (shapeshifter) (Vaults:5)
  A quicksilver ooze (Depths:4)
  2 spriggan defenders
  2 broodmothers (Spider:2)
  15 stone giants
  8 ironbound thunderhulks
  An apis (Depths:3)
  3 reapers (IceCv)
  A war gargoyle (Vaults:4)
  An ophan (Depths:3)
  15 green draconians
  11 deep elf demonologists
  10 deep elf annihilators
  Nessos (D:13)
  A vampire knight (Depths:2)
  An eleionoma (Swamp:1)
  8 dire elephants
  13 yellow draconians
  A minotaur (Gauntlet)
  5 bunyips
  9 spark wasps
  12 white draconians
  7 entropy weavers
  6 purple draconians (Zot:1)
  16 black draconians
  15 red draconians
  6 deep elf death magi
  3 jiangshi (Depths:3)
  Josephine (Lair:3)
  11 fire dragons
  A blizzard demon (Swamp:4)
  A green death (Swamp:4)
  13 great orbs of eyes
  A merfolk javelineer (Depths:1)
  2 shambling mangroves
  A spriggan zombie (Depths:3)
  8 yaktaur captains
  7 ettins
  11 hydras
  6 deep elf high priests
  36 vault guards
  9 boulder beetles
  5 ice dragons
  An ice dragon (shapeshifter) (Vaults:5)
  Harold (D:11)
  3 caustic shrike simulacra (IceCv)
  5 ogre magi
  Fannar (D:10)
  2 jorogumos
  8 ironbound frosthearts
  A spriggan air mage (Depths:2)
  A ghost crab (Swamp:1)
  A rakshasa (Vaults:2)
  11 two-headed ogres
  8 alligators
  4 radroaches
  An anaconda (Lair:1)
  2 catoblepae
  17 centaur warriors
  2 death knights
  34 dancing weapons
  6 death yaks
  A vampire mage (Depths:3)
  3 deep troll earth magi (Depths:1)
  2 hell hogs (Depths:2)
  3 tengu warriors
  The ghost of Yogidamonk the Fighter, a novice MiBe of Trog (D:9)
  8 deep troll shamans
  Urug (D:11)
  8 spriggan berserkers
  9 hell knights
  4 orc high priests
  8 sun demons (D:15)
  17 deep elf knights
  A sixfirhy (Swamp:4)
  A skeletal warrior (D:15)
  A fire crab (Lair:1)
  Amaemon (Lair:1)
  A sun moth (Spider:1)
  2 soul eaters (Swamp:4)
  11 iron trolls
  A golden dragon zombie (Depths:3)
  2 salamander mystics
  7 pharaoh ants
  A spriggan simulacrum (IceCv)
  A glowing orange brain (shapeshifter) (Depths:4)
  4 orb spiders
  8 spriggan druids
  2 goliath frogs
  11 deep elf archers
  An orange crystal statue (Depths:1)
  5 swamp dragons
  2 obsidian statues (IceCv)
  4 flayed ghosts
  7 steelbarb worms
  A deep troll (shapeshifter) (Elf:1)
  49 deep trolls
  A death drake (Swamp:4)
  9 wizards
  8 glowing orange brains
  3 phantasmal warriors (Vaults:5)
  9 lindwurms
  18 orc knights
  7 bog bodies
  8 necromancers
  27 deep elf pyromancers
  13 ironbound convokers
  A stone giant zombie (Vaults:4)
  5 mana vipers
  7 orc sorcerers
  2 shining eyes (Depths:4)
  45 ugly things
  7 salamanders
  6 cyclopes
  4 will-o-the-wisps
  10 wolf spiders
  31 deep elf zephyrmancers
  4 manticores
  3 harpies (Vaults:5)
  15 moths of wrath
  38 slime creatures
  An apocalypse crab (Gauntlet)
  A salamander (shapeshifter) (Vaults:5)
  24 elephants
  A frost giant skeleton (Vaults:4)
  A guardian serpent (shapeshifter) (D:14)
  A black mamba (Lair:4)
  A moth of wrath (shapeshifter) (D:13)
  14 vault sentinels
  An eye of devastation (D:15)
  A titan simulacrum (Depths:3)
  A fire giant skeleton (Vaults:4)
  A molten gargoyle (Depths:4)
  2 gargoyles
  12 torpor snails
  Joseph (D:8)
  3 orange demons
  A smoke demon (Depths:2)
  12 cane toads
  A kobold demonologist (D:14)
  2 hellions
  4 rime drakes
  9 komodo dragons
  6 freezing wraiths
  4 unseen horrors
  17 demonic crawlers
  An ice devil (IceCv)
  2 efreet
  24 yaktaurs
  5 trolls
  2 tengu conjurers
  10 meliai
  3 golden dragon simulacra (IceCv)
  4 hellwings (Swamp:4)
  An elf skeleton (Vaults:4)
  A troll (shapeshifter) (D:15)
  25 hornets
  8 polar bears
  7 tyrant leeches
  A wind drake (shapeshifter) (Elf:1)
  A wolf spider simulacrum (D:15)
  20 tarantellas
  22 blink frogs
  14 dream sheep
  19 culicivoras
  25 jumping spiders
  A flying skull (Vaults:2)
  40 spriggans
  3 wyverns
  38 yaks
  2 air elementals
  2 shadows
  8 wraiths
  A culicivora (shapeshifter) (Orc:2)
  7 water elementals
  3 fire elementals
  5 basilisks
  A large abomination (Vaults:2)
  4 neqoxecs
  9 steam dragons
  61 redbacks
  A chaos spawn (Swamp:4)
  21 vampire mosquitoes
  Edmund (D:4)
  4 wargs
  19 swamp worms
  3 hydra simulacra (IceCv)
  2 acid dragons
  9 water moccasins
  3 hell hounds
  A glowing shapeshifter skeleton (Vaults:4)
  3 swamp drakes (Swamp:1)
  22 orc warriors
  An ice beast (D:5)
  3 ettin simulacra (IceCv)
  5 black bears
  An ice beast (shapeshifter) (Elf:2)
  2 alligator simulacra (IceCv)
  16 centaurs
  8 ogres
  4 boggarts (Lair:5)
  36 wolves
  2 phantoms
  3 kobold brigands
  10 bullfrogs
  2 necrophages (Swamp:1)
  4 earth elementals
  12 scorpions
  18 wights
  6 killer bees
  4 howler monkeys
  3 electric eels
  A human zombie (Ossuary)
  5 jellies (D:8)
  A human simulacrum (Vaults:3)
  18 orc priests
  3 hounds
  2 centaur zombies (Ossuary)
  A gnoll bouda (D:4)
  An iguana (D:6)
  Terence (D:2)
  Jessica (D:2)
  7 scorpion zombies (Ossuary)
  17 orc wizards
  2 hell rats (Lair:1)
  3 mummies (Ossuary)
  4 gnolls (D:4)
  9 adders
  7 river rats
  5 white imps
  An ufetubus (Vaults:3)
  3 dart slugs
  59 orcs
  10 ball pythons
  4 endoplasms
  3 giant cockroaches
  5 goblins
  11 hobgoblins
  2 jackals (D:5)
  27 kobolds
  4 quokkas
  3 training dummies (Elf:3)
  11 bats
  4 frilled lizards
  4 goblin zombies (Ossuary)
  4 kobold zombies (Ossuary)
  21 rats
  A spectral goblin (D:9)
2165 creatures vanquished.

Vanquished Creatures (others)
  A quicksilver dragon (Zot:4)
  A white draconian (Zot:1)
  A black draconian (Zot:3)
  2 rakshasas (Vaults:2)
  An ogre mage (Vaults:2)
  A deep troll earth mage (Vaults:2)
  A deep troll (Vaults:2)
  A deep elf pyromancer (Elf:2)
  A smoke demon (Vaults:2)
  2 bloated husks
  2 boggarts (Vaults:2)
  A fire vortex (Depths:1)
  10 foxfires
  34 fungi
  50 plants
109 creatures vanquished.

Grand Total: 2274 creatures vanquished

Notes
Turn   | Place    | Note
-------+----------+-------------------------------------------
     0 | D:1      | Selrock the Gargoyle Fighter began the quest for the Orb.
     0 | D:1      | Reached XP level 1. HP: 14/14 MP: 1/1
   182 | D:1      | Reached XP level 2. HP: 18/19 MP: 2/2
   692 | D:1      | Reached XP level 3. HP: 23/23 MP: 3/3
  1220 | D:2      | Found Tinnyoj's General Store.
  1228 | D:2      | Noticed Terence
  1241 | D:2      | Killed Terence
  1369 | D:2      | Reached XP level 4. HP: 29/29 MP: 4/4
  1376 | D:2      | Noticed Jessica
  1385 | D:2      | Killed Jessica
  1386 | D:2      | Reached skill level 4 in Fighting
  2142 | D:2      | Identified 2 scrolls of acquirement
  2142 | D:2      | Acquired the +2 pair of boots of Otai {Regen+}
  2148 | D:2      | Acquired 575 gold pieces
  2332 | D:3      | Found a glowing golden altar of the Shining One.
  2341 | D:3      | Found a hide-covered altar of Uskayaw.
  2410 | D:3      | Reached XP level 5. HP: 33/33 MP: 5/5
  2549 | D:3      | Found a glowing drain.
  2576 | Sewer    | Entered a sewer
  2825 | Sewer    | Reached XP level 6. HP: 39/39 MP: 6/6
  3304 | D:3      | Found a sacrificial altar of Ru.
  3442 | D:3      | Found a glowing silver altar of Zin.
  3449 | D:3      | Reached skill level 5 in Armour
  3454 | D:3      | Reached skill level 5 in Fighting
  3651 | D:4      | Noticed Edmund
  3666 | D:4      | Killed Edmund
  3667 | D:4      | Reached skill level 5 in Shields
  3667 | D:4      | Reached XP level 7. HP: 40/44 MP: 7/7
  4170 | D:4      | Found Cezea's Weapon Shop.
  4246 | D:4      | You fall into a shaft and drop 1 floor!
  4246 | D:5      | Entered Level 5 of the Dungeon
  4444 | D:5      | Reached XP level 8. HP: 51/51 MP: 8/8
  4488 | D:5      | Reached skill level 6 in Fighting
  4646 | D:5      | Reached skill level 5 in Maces & Flails
  4651 | D:5      | Acquired the +10 morningstar "Eos" {elec, Halo rElec}
  4651 | D:5      | Found the +10 morningstar "Eos" {elec, Halo rElec}
  4699 | D:5      | Found a stormy altar of Qazlal.
  4887 | D:6      | Reached skill level 7 in Fighting
  4896 | D:6      | Reached XP level 9. HP: 39/57 MP: 9/9
  5185 | D:6      | Found a sand-covered staircase.
  5190 | Ossuary  | Entered an ossuary
  5348 | Ossuary  | Reached skill level 8 in Fighting
  5579 | D:6      | Found a staircase to the Ecumenical Temple.
  5620 | D:6      | Found a sparkling altar of Nemelex Xobeh.
  5957 | Temple   | Entered the Ecumenical Temple
  6083 | Temple   | Became a worshipper of Warmaster Okawaru
  6173 | D:7      | Found Rehett's Jewellery Shoppe.
  6182 | D:7      | Bought the ring "Qoroi" {+Blink AC+4 Str+4} for 700 gold
                  | pieces
  6191 | D:7      | Found Fatsakus's Book Boutique.
  6286 | D:7      | Found a shadowy altar of Dithmenos.
  6338 | D:7      | Reached skill level 1 in Invocations
  6345 | D:7      | Reached * piety under Okawaru
  6350 | D:7      | Reached XP level 10. HP: 54/65 MP: 9/11
  6419 | D:7      | Found Tefah's Weapon Boutique.
  6473 | D:7      | Found Ciowun's Book Shoppe.
  6540 | D:7      | Reached skill level 9 in Fighting
  6609 | D:7      | Found Daniurch's General Store.
  6891 | D:8      | Acquired a manual of Fighting
  6896 | D:8      | Noticed Joseph
  6905 | D:8      | Killed Joseph
  6926 | D:8      | Found a viscous altar of Jiyva.
  7041 | D:8      | Reached ** piety under Okawaru
  7377 | D:9      | Reached skill level 10 in Fighting
  7510 | D:9      | Found a runed translucent door.
  7510 | D:9      | Found a shimmering altar of Xom.
  7510 | D:9      | Noticed Yogidamonk's ghost (novice MiBe)
  7511 | D:9      | Noticed a +1 war axe of chaos
  7582 | D:9      | Found Keung's Book Boutique.
  7654 | D:9      | Found a staircase to the Orcish Mines.
  7665 | D:9      | Reached *** piety under Okawaru
  7690 | D:9      | Reached skill level 10 in Armour
  7691 | D:9      | Reached skill level 5 in Invocations
  7694 | D:9      | Reached XP level 11. HP: 72/73 MP: 14/14
  7700 | D:9      | Reached skill level 11 in Fighting
  7817 | D:9      | Found a hazy altar of Hepliaklqana.
  8038 | D:9      | Reached **** piety under Okawaru
  8123 | D:10     | Entered Level 10 of the Dungeon
  8136 | D:10     | Noticed a cyclops
  8149 | D:10     | Killed a cyclops
  8614 | D:10     | Noticed Fannar
  8622 | D:10     | Killed Fannar
  8623 | D:10     | Reached skill level 12 in Fighting
  8850 | D:11     | Found a staircase to the Lair.
  8863 | D:11     | Noticed a white ugly thing
  8872 | D:11     | Killed a white ugly thing
  8877 | D:11     | Noticed Harold
  8884 | D:11     | Killed Harold
  8884 | D:11     | Reached ***** piety under Okawaru
  8918 | D:11     | Noticed a manticore
  8924 | D:11     | Killed a manticore
  8924 | D:11     | Identified the +4 scale mail of Articulation {rPois Regen+
                  | Str+4} (Okawaru gifted it to you on level 11 of the
                  | Dungeon)
  8924 | D:11     | Received a gift from Okawaru
  8925 | D:11     | Reached skill level 10 in Maces & Flails
  9020 | D:11     | Noticed Urug
  9026 | D:11     | Killed Urug
  9027 | D:11     | Reached skill level 13 in Fighting
  9095 | D:11     | Reached XP level 12. HP: 83/84 MP: 17/17
  9511 | Lair:1   | Entered Level 1 of the Lair of Beasts
  9511 | Lair:1   | Noticed a five-headed hydra
  9519 | Lair:1   | Killed a five-headed hydra
  9552 | Lair:1   | Noticed Amaemon
  9564 | Lair:1   | Killed Amaemon
  9761 | Lair:1   | Reached skill level 14 in Fighting
  9907 | Lair:1   | Noticed a six-headed hydra
  9912 | Lair:1   | Killed a six-headed hydra
 10104 | Lair:1   | Noticed an anaconda
 10114 | Lair:1   | Killed an anaconda
 10206 | Lair:1   | Noticed a dire elephant
 10206 | Lair:1   | Noticed an alligator
 10217 | Lair:1   | Killed an alligator
 10232 | Lair:1   | Killed a dire elephant
 10233 | Lair:1   | Reached skill level 15 in Fighting
 10233 | Lair:1   | Reached XP level 13. HP: 52/92 MP: 12/20
 10575 | Lair:2   | Found a gate leading to a gauntlet.
 10582 | Gauntlet | Entered a Gauntlet
 10582 | Gauntlet | Found a transporter.
 10582 | Gauntlet | Found a large runed translucent door.
 10582 | Gauntlet | Found a large runed translucent door.
 10582 | Gauntlet | Found a large runed translucent door.
 10582 | Gauntlet | Found a large runed translucent door.
 10582 | Gauntlet | Found a large runed translucent door.
 10582 | Gauntlet | Found a large runed translucent door.
 10582 | Gauntlet | Found a runed translucent door.
 10582 | Gauntlet | Found a runed translucent door.
 10582 | Gauntlet | Found a large runed translucent door.
 10582 | Gauntlet | Found a large runed translucent door.
 10582 | Gauntlet | Found a large runed translucent door.
 10582 | Gauntlet | Found a large runed translucent door.
 10582 | Gauntlet | Found a large runed translucent door.
 10582 | Gauntlet | Found a large runed translucent door.
 10585 | Gauntlet | Found a transporter.
 10586 | Gauntlet | Found a large runed translucent door.
 10586 | Gauntlet | Found a large runed translucent door.
 10587 | Gauntlet | Found a runed translucent gate.
 10587 | Gauntlet | Found a runed translucent gate.
 10587 | Gauntlet | Found a runed translucent gate.
 10588 | Gauntlet | Found a transporter.
 10589 | Gauntlet | Found a transporter.
 10592 | Gauntlet | Found a transporter.
 10593 | Gauntlet | Found a transporter.
 10595 | Gauntlet | Noticed a cacodemon
 10602 | Gauntlet | Found a transporter.
 10613 | Gauntlet | Found a transporter.
 10662 | Gauntlet | Found a large runed translucent door.
 10674 | Gauntlet | Found a transporter.
 10687 | Gauntlet | Found a transporter.
 10691 | Gauntlet | Found a transporter.
 10701 | Gauntlet | Found a transporter.
 10701 | Gauntlet | Noticed an entropy weaver
 10731 | Gauntlet | Found a large runed translucent door.
 11028 | Gauntlet | Killed a cacodemon
 11076 | Gauntlet | Noticed a minotaur
 11080 | Gauntlet | Killed a minotaur
 11260 | Lair:2   | Identified the +12 falchion of Exoneration {pain, *Rage
                  | Will++ Int+5} (Okawaru gifted it to you on level 2 of the
                  | Lair of Beasts)
 11260 | Lair:2   | Received a gift from Okawaru
 11293 | Lair:2   | Found a hole to the Spider Nest.
 11325 | Lair:2   | Reached skill level 10 in Invocations
 11340 | Lair:2   | You fall into a shaft and drop 2 floors!
 11521 | Lair:3   | Reached skill level 16 in Fighting
 11561 | Lair:3   | Identified the +2 cloak "Jetaor" {Rampage +Blink rC-
                  | Stlth+} (Okawaru gifted it to you on level 3 of the Lair of
                  | Beasts)
 11561 | Lair:3   | Received a gift from Okawaru
 11584 | Lair:3   | Found the +1 robe of Vines {NoPotionHeal Regen++++}
 11720 | Lair:3   | Noticed Josephine
 11727 | Lair:3   | Killed Josephine
 11829 | Lair:3   | Found a dark tunnel.
 11845 | Volcano  | Entered a volcano
 11949 | Volcano  | Noticed a fire dragon
 11962 | Volcano  | Killed a fire dragon
 12266 | Lair:3   | Found a glowing silver altar of Zin.
 12516 | Lair:2   | Gained mutation: Your large and strong wings let you fly.
                  | [Gargoyle growth]
 12516 | Lair:2   | Reached XP level 14. HP: 82/100 MP: 22/22
 12979 | Lair:2   | Reached ****** piety under Okawaru
 12980 | Lair:2   | Reached skill level 1 in Dodging
 13015 | Lair:2   | Found a staircase to the Swamp.
 13547 | Lair:4   | Identified the +9 quick blade "Dewi" {flame, rF+++ Str+4
                  | Int+6 Dex-2} (Okawaru gifted it to you on level 4 of the
                  | Lair of Beasts)
 13547 | Lair:4   | Received a gift from Okawaru
 13614 | Lair:4   | Reached skill level 17 in Fighting
 13614 | Lair:4   | Reached skill level 1 in Evocations
 13787 | Lair:4   | Received a gift from Okawaru
 14298 | Lair:5   | Entered Level 5 of the Lair of Beasts
 14391 | Lair:5   | Found a viscous altar of Jiyva.
 14392 | Lair:5   | Found a staircase to the Slime Pits.
 14853 | Lair:5   | Reached XP level 15. HP: 83/107 MP: 23/23
 14853 | Lair:5   | Received a gift from Okawaru
 15714 | Spider:1 | Entered Level 1 of the Spider Nest
 15728 | Spider:1 | Reached skill level 15 in Armour
 15819 | Lair:2   | Identified the +4 quarterstaff of Imebesk {freeze, +Blink
                  | Dex+7} (Okawaru gifted it to you on level 2 of the Lair of
                  | Beasts)
 15819 | Lair:2   | Received a gift from Okawaru
 16023 | Lair:2   | HP: 4/108 [meliai/+0 hand axe (7)]
 16068 | Spider:1 | Reached skill level 5 in Evocations
 16716 | Spider:2 | Reached skill level 5 in Dodging
 16744 | Spider:2 | You are sucked into a shaft and drop 1 floor!
 16761 | Spider:3 | Reached skill level 18 in Fighting
 17026 | Spider:2 | Received a gift from Okawaru
 17389 | Spider:2 | Noticed an emperor scorpion
 17404 | Spider:2 | Killed an emperor scorpion
 17663 | Spider:2 | Reached XP level 16. HP: 114/114 MP: 24/24
 18499 | Spider:4 | Entered Level 4 of the Spider Nest
 18618 | Spider:4 | Received a gift from Okawaru
 18905 | Spider:4 | Identified the +6 lajatang of the Mashing Queen {vorpal,
                  | Will+} (Okawaru gifted it to you on level 4 of the Spider
                  | Nest)
 18905 | Spider:4 | Received a gift from Okawaru
 19093 | Spider:4 | Noticed Arachne
 19117 | Spider:4 | Killed Arachne
 19180 | Spider:4 | Reached skill level 15 in Maces & Flails
 19223 | Spider:4 | Received a gift from Okawaru
 19540 | Spider:4 | Reached XP level 17. HP: 120/120 MP: 25/25
 19556 | Spider:4 | Reached skill level 19 in Fighting
 19783 | Spider:4 | Identified the +0 hat of Feral Awe {+Inv Str+2}
 19802 | Spider:4 | Got a gossamer rune of Zot
 20185 | D:7      | Bought the amulet of Vitality {RegenMP++ Regen++} for 1400
                  | gold pieces
 20185 | D:7      | Found the amulet of Vitality {RegenMP++ Regen++}
 20311 | Orc:1    | Entered Level 1 of the Orcish Mines
 20441 | Orc:1    | Found Ammetax's General Store.
 20450 | Orc:1    | Found Qutoal's Specific Store.
 20495 | Orc:1    | Bought a potion of heal wounds for 70 gold pieces
 20624 | Orc:1    | Found Syshriech's Assorted Antiques.
 20650 | Orc:1    | Bought a scroll of identify for 58 gold pieces
 20761 | Orc:1    | Found Rapuilas's Jewellery Boutique.
 20989 | Orc:2    | Entered Level 2 of the Orcish Mines
 21029 | Orc:2    | Found a staircase to the Elven Halls.
 21425 | Orc:2    | Found Onatuoko's General Store.
 21425 | Orc:2    | Found Masid's Armour Emporium.
 21432 | Orc:2    | Received a gift from Okawaru
 21434 | Orc:2    | Found Teecreuw's Jewellery Shop.
 21434 | Orc:2    | Found Zugh's Assorted Antiques.
 21690 | Elf:1    | Entered Level 1 of the Elven Halls
 21895 | Swamp:1  | Entered Level 1 of the Swamp
 22186 | Swamp:1  | Received a gift from Okawaru
 22623 | Swamp:2  | Found a transporter.
 23044 | Swamp:2  | Noticed Yogidamonk's ghost (journeyman MiBe)
 23047 | Swamp:2  | Found a bloodstained altar of Trog.
 23058 | Swamp:2  | Found a transporter.
 23561 | Swamp:4  | Entered Level 4 of the Swamp
 23722 | Swamp:4  | Identified the +1 plate armour of Ereokkub {rC+++ Str-5
                  | Int-5 Slay+5}
 23787 | Swamp:4  | Noticed a tentacled monstrosity
 23797 | Swamp:4  | Killed a tentacled monstrosity
 23798 | Swamp:4  | Reached XP level 18. HP: 125/129 MP: 26/26
 23798 | Swamp:4  | Gained mutation: You have hidden genetic defects. [a
                  | neqoxec]
 23801 | Swamp:4  | Gained mutation: Your flesh is cold resistant. (rC+) [a
                  | neqoxec]
 23931 | Swamp:4  | Received a gift from Okawaru
 24057 | Swamp:4  | Gained mutation: You are clumsy. (Dex -2) [hidden defects]
 24088 | Swamp:4  | Noticed a tentacled monstrosity
 24105 | Swamp:4  | Killed a tentacled monstrosity
 24124 | Swamp:4  | Reached skill level 20 in Fighting
 24185 | Swamp:4  | Got a decaying rune of Zot
 24737 | D:12     | Reached skill level 10 in Evocations
 24924 | D:12     | Gained mutation: You occasionally shout uncontrollably at
                  | your foes. [hidden defects]
 24924 | D:12     | Lost mutation: You have hidden genetic defects. [hidden
                  | defects expressed]
 25071 | D:12     | Received a gift from Okawaru
 25344 | Lair:5   | Lost mutation: You occasionally shout uncontrollably at
                  | your foes. [potion of mutation]
 25344 | Lair:5   | Lost mutation: You are clumsy. (Dex -2) [potion of
                  | mutation]
 25344 | Lair:5   | Lost mutation: Your flesh is cold resistant. (rC+) [potion
                  | of mutation]
 25344 | Lair:5   | Gained mutation: You are partially covered in iridescent
                  | scales. (AC +2) [potion of mutation]
 25344 | Lair:5   | Gained mutation: Your muscles are strong. (Str +4, Int/Dex
                  | -1) [potion of mutation]
 25344 | Lair:5   | Gained mutation: Your spells are a little harder to cast,
                  | but a little more powerful. [potion of mutation]
 25344 | Lair:5   | Gained mutation: You are agile. (Dex +4, Str/Int -1)
                  | [potion of mutation]
 25540 | D:12     | Identified the +0 robe of the Shrike {Str+4 Dex+3}
 25740 | D:13     | Found a gate to the Vaults.
 25969 | D:13     | Noticed Nessos
 25998 | D:13     | Killed Nessos
 26168 | D:13     | Identified the +7 falchion of the Beginning {antimagic,
                  | *Noise Str+3 Int+8 Dex+4}
 27342 | D:14     | Reached skill level 1 in Throwing
 27593 | D:15     | Entered Level 15 of the Dungeon
 27745 | D:15     | Reached XP level 19. HP: 136/136 MP: 27/27
 27764 | D:15     | Found a frozen archway.
 27770 | IceCv    | Entered an ice cave
 28043 | IceCv    | Identified the +2 cloak of Tartarus {rCorr Int+3 Dex+3}
                  | (Okawaru gifted it to you in an ice cave)
 28043 | IceCv    | Received a gift from Okawaru
 28092 | IceCv    | Reached skill level 10 in Dodging
 28508 | D:15     | Found a staircase to the Depths.
 28758 | Depths:1 | Entered Level 1 of the Depths
 29112 | Depths:1 | Found a gateway to Hell.
 29422 | Depths:1 | Received a gift from Okawaru
 29510 | Depths:1 | Found a one-way gateway to a ziggurat.
 29905 | Depths:1 | Paralysed by a vampire knight for 3 turns
 30177 | Depths:1 | Lost intelligence.
 30990 | Vaults:1 | Entered Level 1 of the Vaults
 31029 | Vaults:1 | Reached skill level 21 in Fighting
 31077 | Vaults:1 | Reached skill level 5 in Throwing
 31301 | Vaults:1 | Found Rual's Antique Weapon Boutique.
 31430 | Vaults:1 | Received a gift from Okawaru
 31462 | Vaults:1 | Reached XP level 20. HP: 68/144 MP: 28/28
 31763 | Abyss:2  | Cast into level 2 of the Abyss (a wizard)
 31828 | Vaults:1 | Escaped the Abyss
 32198 | Vaults:1 | Identified the +4 dire flail of Bosi Rupy {pain, rElec}
                  | (Okawaru gifted it to you on level 1 of the Vaults)
 32198 | Vaults:1 | Received a gift from Okawaru
 32271 | Vaults:1 | Paralysed by a sphinx for 4 turns
 32363 | Vaults:1 | Paralysed by a great orb of eyes for 4 turns
 32754 | Swamp:2  | Killed Yogidamonk's ghost
 33010 | D:9      | Killed Yogidamonk's ghost
 33276 | Vaults:2 | Received a gift from Okawaru
 33433 | Vaults:2 | Received a gift from Okawaru
 33619 | Vaults:2 | Noticed Nikola
 33659 | Vaults:2 | Found a transporter.
 33660 | Vaults:2 | Found a shimmering blue altar of Sif Muna.
 33761 | Vaults:2 | Paralysed by an ogre mage for 4 turns
 33764 | Abyss:3  | Cast into level 3 of the Abyss (a deep elf demonologist)
 33791 | Vaults:2 | Escaped the Abyss
 33791 | Vaults:2 | Noticed a caustic shrike
 33796 | Vaults:2 | Noticed a Brimstone Fiend
 33801 | Vaults:2 | Received a gift from Okawaru
 33802 | Vaults:2 | Killed a caustic shrike
 33805 | Vaults:2 | Received a gift from Okawaru
 33823 | Vaults:2 | Identified the amulet of Qyem {RegenMP rN+ rCorr Dex-3}
 33829 | Vaults:2 | Killed Nikola
 33867 | Vaults:2 | Found a transporter.
 34076 | Vaults:2 | Received a gift from Okawaru
 34114 | Vaults:2 | Found Qaoppak's Magic Scroll Shop.
 34141 | Vaults:2 | Bought a scroll of silence for 171 gold pieces
 34440 | Vaults:2 | Found a staircase to the Crypt.
 34982 | Vaults:3 | Paralysed by a sphinx for 4 turns
 34995 | Vaults:3 | Reached XP level 21. HP: 150/150 MP: 29/29
 35014 | Vaults:3 | Received a gift from Okawaru
 35288 | Vaults:3 | Reached skill level 22 in Fighting
 36152 | Vaults:3 | Upgraded the game from 0.29-a0-923-g6e406bff71 to
                  | 0.29-a0-925-g0a7a3d12f8
 37761 | Depths:1 | Identified the +2 buckler "Jilliewa" {Str+4} (Okawaru
                  | gifted it to you on level 1 of the Depths)
 37761 | Depths:1 | Received a gift from Okawaru
 38039 | Orc:1    | Bought the amulet of Titoc {Spirit Will+} for 639 gold
                  | pieces
 38942 | Depths:2 | Found a one-way gate leading to the halls of Pandemonium.
 39173 | Depths:2 | Found a transporter.
 39177 | Depths:2 | Found a corrupted altar of Lugonu.
 39237 | Depths:2 | Found a transporter.
 39972 | Depths:3 | Found a one-way gate to the infinite horrors of the Abyss.
 40041 | Depths:3 | Noticed Frederick
 40058 | Depths:3 | Killed Frederick
 40059 | Depths:3 | Reached XP level 22. HP: 158/158 MP: 30/30
 40657 | Depths:3 | Reached skill level 10 in Throwing
 40693 | Depths:3 | Found Itefuazu's Assorted Antiques.
 40769 | Depths:3 | Bought a scroll of blinking for 315 gold pieces
 41046 | Depths:3 | Found a white marble altar of Elyvilon.
 41046 | Depths:3 | Found a glowing silver altar of Zin.
 41047 | Depths:3 | Found a glowing golden altar of the Shining One.
 41048 | Depths:3 | Identified the +8 war axe "Agray" {elec, rPois Str+2}
 41320 | Depths:3 | Reached skill level 23 in Fighting
 41350 | Depths:3 | Identified the +1 ring mail "Hacho" {rF+ Will+} (Okawaru
                  | gifted it to you on level 3 of the Depths)
 41350 | Depths:3 | Received a gift from Okawaru
 41467 | Depths:2 | Reached skill level 15 in Dodging
 41895 | Depths:3 | Identified the ring "Plog" {rCorr MP+9 Int+3 Dex-5}
 41897 | Depths:3 | Got Ebe Nohiy's Commentary on Forceful Beguiling
 41916 | Depths:3 | Found a runed translucent door.
 42040 | Depths:3 | Found a runed translucent door.
 42230 | Depths:4 | Entered Level 4 of the Depths
 42306 | Depths:4 | Gained mutation: You are dopey. (Int -2) [a shining eye]
 42318 | Depths:4 | Lost mutation: You are agile. (Dex +4, Str/Int -1) [a
                  | shining eye]
 42474 | Depths:4 | Noticed a juggernaut
 42494 | Depths:4 | Killed a juggernaut
 42549 | Depths:4 | Received a gift from Okawaru
 42643 | Depths:4 | Found a shimmering altar of Xom.
 42645 | Depths:4 | Found a shimmering altar of Xom.
 42645 | Depths:4 | Found a blossoming altar of Fedhas.
 42647 | Depths:4 | Found a broken altar of Ashenzari.
 42647 | Depths:4 | Found an opulent altar of Gozag.
 42647 | Depths:4 | Found a snail-covered altar of Cheibriados.
 42672 | Depths:4 | Received a gift from Okawaru
 42822 | Depths:4 | Found a viscous altar of Jiyva.
 42859 | Depths:4 | Reached XP level 23. HP: 105/165 MP: 21/31
 42955 | Depths:4 | Noticed a caustic shrike
 42956 | Depths:4 | Noticed a caustic shrike
 42957 | Depths:4 | Noticed a caustic shrike
 43225 | Depths:4 | Noticed a caustic shrike
 43227 | Depths:4 | Killed a caustic shrike
 43242 | Depths:4 | Killed a caustic shrike
 43248 | Depths:4 | Killed a caustic shrike
 43256 | Depths:4 | Killed a caustic shrike
 43257 | Depths:4 | Noticed a caustic shrike
 43276 | Depths:4 | Killed a caustic shrike
 43413 | Depths:4 | Received a gift from Okawaru
 43414 | Depths:4 | Reached skill level 24 in Fighting
 43541 | Depths:4 | Found a gate to the Realm of Zot.
 43570 | Depths:4 | Received a gift from Okawaru
 44334 | Vaults:5 | Entered Level 5 of the Vaults
 44410 | Vaults:5 | Received a gift from Okawaru
 44606 | Vaults:5 | Identified the +9 halberd of Immorality {freeze, rC+ Str+2
                  | Int+3}
 44673 | Vaults:5 | Noticed an ancient lich
 44674 | Vaults:5 | Noticed an ancient lich
 44676 | Vaults:5 | Noticed Sojobo
 44690 | Vaults:4 | Killed an ancient lich
 44690 | Vaults:4 | Received a gift from Okawaru
 44808 | Vaults:5 | Noticed a golden dragon
 44881 | Vaults:4 | Killed a golden dragon
 44881 | Vaults:4 | Received a gift from Okawaru
 44921 | Vaults:4 | Killed an ancient lich
 44927 | Vaults:5 | Paralysed by an air elemental for 1 turns
 44993 | Vaults:5 | Paralysed by an air elemental for 1 turns
 45003 | Vaults:5 | Paralysed by an air elemental for 1 turns
 45006 | Vaults:5 | Paralysed by an air elemental for 1 turns
 45030 | Vaults:5 | Paralysed by an air elemental for 1 turns
 45043 | Vaults:5 | Paralysed by an air elemental for 1 turns
 45045 | Vaults:5 | Paralysed by an air elemental for 1 turns
 45059 | Vaults:4 | Killed Sojobo
 45059 | Vaults:4 | Identified the +1 plate armour of Bocink {rN+ Regen+ Int-4}
                  | (Okawaru gifted it to you on level 4 of the Vaults)
 45059 | Vaults:4 | Received a gift from Okawaru
 45215 | Vaults:5 | Identified the +4 morningstar of Dithmenos, Dripping
                  | {spect, *Noise Dex+9}
 45232 | Vaults:5 | Reached skill level 25 in Fighting
 45267 | Vaults:5 | Noticed a golden dragon
 45315 | Vaults:4 | Killed a golden dragon
 45361 | Vaults:5 | Reached XP level 24. HP: 165/176 MP: 28/31
 45402 | Vaults:5 | Noticed an ancient lich
 45482 | Vaults:5 | Noticed a dread lich
 45506 | Vaults:4 | Killed a dread lich
 45509 | Vaults:4 | Killed an ancient lich
 45591 | Vaults:5 | Noticed Margery
 45722 | Vaults:5 | Killed Margery
 45974 | Vaults:5 | Identified the +1 chain mail of Death's Door {*Corrode
                  | rElec Int+2 Stlth+}
 46228 | Vaults:5 | Noticed a dread lich
 46335 | Vaults:5 | Identified the ring of Midwinter {*Slow Fly rPois Str+4
                  | SInv}
 46368 | Vaults:5 | Identified the +10 dagger of Irchesef {vorpal, Int+2}
 46479 | Vaults:5 | Received a gift from Okawaru
 46634 | Vaults:5 | Identified the +1 hat "Ruphuf" {rC+ rN+ Will+ Regen+}
                  | (Okawaru gifted it to you on level 5 of the Vaults)
 46634 | Vaults:5 | Received a gift from Okawaru
 46766 | Vaults:5 | Identified the +3 short sword of Distant Shores {vorpal,
                  | *Noise rPois rC+++ rN+++}
 46788 | Vaults:5 | Reached skill level 26 in Fighting
 47083 | Vaults:5 | Identified the +0 pair of boots "Ibboist" {Will- Regen+
                  | Str+2 Int+3}
 47092 | Vaults:5 | Got a silver rune of Zot
 47241 | Vaults:5 | Killed a dread lich
 47998 | Elf:1    | Noticed Jorgrun
 48016 | Elf:1    | Killed Jorgrun
 48071 | Elf:1    | Noticed Aizul
 48091 | Elf:1    | Killed Aizul
 48138 | Elf:1    | Paralysed by an air elemental for 1 turns
 48300 | Elf:1    | Found Bicasusu's Distillery.
 48956 | Elf:2    | Found Tagis's Assorted Antiques.
 48996 | Elf:2    | Bought glowing fire dragon scales for 2709 gold pieces
 49195 | Elf:2    | Found a runed translucent gate.
 49195 | Elf:2    | Found a runed translucent gate.
 49195 | Elf:2    | Found a runed translucent gate.
 49229 | Elf:2    | Reached XP level 25. HP: 182/185 MP: 31/31
 50077 | Elf:3    | Entered Level 3 of the Elven Halls
 50187 | Elf:3    | Found Zabburog's Firing Range.
 50310 | Elf:3    | Received a gift from Okawaru
 50434 | Elf:3    | Reached skill level 27 in Fighting
 50741 | Elf:3    | Received a gift from Okawaru
 50741 | Elf:3    | Found the +0 mask of the Dragon {Will+ Slay+3 SInv}
 51427 | Elf:3    | Identified the +7 scale mail of Unambiguity {Str+4}
 51427 | Elf:3    | Identified the +4 double sword of the Crushed Prophets
                  | {vorpal, rF++ rCorr Int-5 SInv}
 51427 | Elf:3    | Identified the +1 robe of Winter {Rampage}
 51430 | Elf:3    | Identified the amulet of Kikubaaqudgha's Whim {Regen+ Str-4
                  | Int+3 SInv Stlth+}
 51514 | Elf:3    | Identified the ring "Tumaock" {rPois rN+ Str-5 Dex+3}
 51626 | Elf:3    | Got the Book of Frostbite
 51634 | Elf:3    | Identified the +7 scale mail "Isefeevi" {rPois rC+}
 51636 | Elf:3    | Got the Directory of Red-Hot Glamour
 51668 | Elf:3    | Got Sif Muna's Collected Works on Venin
 52191 | Zot:1    | Entered Level 1 of the Realm of Zot
 52270 | Zot:1    | Found the +4 dragonskin cloak
 52270 | Zot:1    | Noticed Tiamat
 52319 | Zot:1    | Killed Tiamat
 52755 | Zot:1    | Noticed an orb of fire
 52759 | Zot:1    | Gained mutation: You are frail. (-10% HP) [an orb of fire]
 52761 | Zot:1    | Gained mutation: Your magical capacity is low. (-10% MP)
                  | [an orb of fire]
 52763 | Zot:1    | Gained mutation: You sometimes lose your temper in combat.
                  | [an orb of fire]
 52771 | Zot:1    | Gained mutation: You occasionally lose the ability to read
                  | scrolls when taking damage. [an orb of fire]
 52778 | Zot:1    | Killed an orb of fire
 52778 | Zot:1    | Received a gift from Okawaru
 52930 | Depths:4 | Received a gift from Okawaru
 53548 | Zot:1    | Received a gift from Okawaru
 53678 | Zot:1    | Reached XP level 26. HP: 162/173 MP: 28/28
 53757 | Zot:1    | Identified the +0 pair of gloves "Erhushit" {rElec}
                  | (Okawaru gifted it to you on level 1 of the Realm of Zot)
 53757 | Zot:1    | Received a gift from Okawaru
 53836 | Zot:1    | Lost mutation: Your spells are a little harder to cast, but
                  | a little more powerful. [potion of mutation]
 53836 | Zot:1    | Lost mutation: You are frail. (-10% HP) [potion of
                  | mutation]
 53836 | Zot:1    | Lost mutation: You occasionally lose the ability to read
                  | scrolls when taking damage. [potion of mutation]
 53836 | Zot:1    | Lost mutation: You are dopey. (Int -2) [potion of mutation]
 53836 | Zot:1    | Lost mutation: Your magical capacity is low. (-10% MP)
                  | [potion of mutation]
 53836 | Zot:1    | Gained mutation: You are mostly covered in iridescent
                  | scales. (AC +4) [potion of mutation]
 54238 | Zot:1    | Noticed an orb of fire
 54255 | Zot:1    | Killed an orb of fire
 54623 | Zot:2    | Noticed an orb of fire
 54637 | Zot:2    | Killed an orb of fire
 54750 | Zot:2    | Noticed a Killer Klown
 54750 | Zot:2    | Noticed a Killer Klown
 54750 | Zot:2    | Noticed a Killer Klown
 54750 | Zot:2    | Noticed a Killer Klown
 54750 | Zot:2    | Noticed a Killer Klown
 54880 | Zot:1    | Killed a Killer Klown
 54936 | Zot:1    | Killed a Killer Klown
 54957 | Zot:1    | Killed a Killer Klown
 54958 | Zot:1    | Reached skill level 10 in Shields
 55098 | Zot:1    | Killed a Killer Klown
 55228 | Zot:1    | Killed a Killer Klown
 55321 | Zot:2    | You are sucked into a shaft and drop 2 floors!
 56210 | Zot:2    | Received a gift from Okawaru
 57402 | Zot:3    | Received a gift from Okawaru
 58150 | Zot:4    | Reached XP level 27. HP: 175/199 MP: 31/31
 58439 | Zot:4    | Reached skill level 1 in Spellcasting
 59069 | Zot:5    | Entered Level 5 of the Realm of Zot
 59175 | Zot:5    | Found Vuzinea's CLEARANCE SALE!.
 59226 | Zot:4    | Received a gift from Okawaru
 59436 | Zot:5    | Bought a potion of heal wounds for 35 gold pieces
 59490 | Zot:5    | Identified the +5 tower shield of Polong {*Corrode rC+ rN+
                  | Slay+2} (Okawaru gifted it to you on level 5 of the Realm
                  | of Zot)
 59490 | Zot:5    | Received a gift from Okawaru
 60026 | Zot:5    | Noticed an orb of fire
 60029 | Zot:5    | Gained mutation: You occasionally lose the ability to read
                  | scrolls when taking damage. [an orb of fire]
 60039 | Zot:5    | Noticed an orb of fire
 60046 | Zot:5    | Noticed an orb of fire
 60048 | Zot:5    | Noticed an orb of fire
 60048 | Zot:5    | Noticed an ancient lich
 60048 | Zot:5    | Gained mutation: Your magical capacity is low. (-10% MP)
                  | [an orb of fire]
 60057 | Zot:5    | Gained mutation: You are dopey. (Int -2) [an orb of fire]
 60062 | Zot:5    | Gained mutation: You are clumsy. (Dex -2) [an orb of fire]
 60062 | Zot:5    | Gained mutation: Your magical capacity is very low. (-20%
                  | MP) [an orb of fire]
 60064 | Zot:5    | Killed from afar by an orb of fire

Illustrated notes

Levels and vault maps discovered:
D:1:      matt_arrival_diagonals, layout_basic
D:2:      layout_basic, serial_shops, nicolae_square_shop, uniq_terence,
          uniq_jessica
D:3:      layout_basic, hangedman_ru_absence, mainiacjoe_overflow_tiny_flanked,
          mainiacjoe_overflow_large_starburst, portal_sewer_entry_b
D:4:      layout_loops_ring, serial_shops, shop, minmay_misc_feat_diagonals,
          hangedman_abyss_or_decor_stabs, serial_park_tiny_1,
          dk_rats_in_the_wall, uniq_edmund
D:5:      layout_basic, mainiacjoe_overflow_chevrons
D:6:      layout_loops_ring, amcnicky_altar_gilded, minmay_temple_entry_hall,
          enter_ossuary_2
D:7:      layout_loops_cross, grunt_dithmenos_shadows, serial_shops,
          nicolae_shop_behind_doors, nicolae_stop_n_shop_2,
          nicolae_take_the_stairs, nicolae_shop_statue_plus,
          nicolae_shop_competitors_out_of_business, minmay_misc_feat_plants
D:8:      layout_rooms, jiyva_altar_1, uniq_joseph
D:9:      layout_roguey, nicolae_hepliaklqana_monster_ancestors, david_orc_3,
          ebering_ghost_xom, serial_shops,
          nicolae_shop_temple_entry_statues_fountains
D:10:     layout_basic, uniq_fannar
D:11:     statuecave_lemuel, layout_rooms, david_lair_shrubbed, uniq_harold,
          uniq_urug
D:12:     layout_cave_pools
D:13:     layout_layer_cave, erik_vaults_1, amcnicky_mini_rare_corridor_liquid,
          uniq_nessos
D:14:     layout_cave_pools, infiniplex_staircase_zigzag_5
D:15:     grunt_enter_depths_hoard, layout_cave_pools, minivault_26,
          portal_ice_cave_entry_horrid_things
Temple:   jpeg_temple_clearing
Lair:1:   layout_small_grid, serial_bayou_pond_a, nicolae_lair_lakeside_cave,
          uniq_amaemon
Lair:2:   layout_layer_cave, minmay_swamp_entry_swarm,
          spider_nest_entry_web_field, gauntlet_entry_generic,
          lemuel_fruit_fields, serial_bayou_shore_b, grunt_megastairs_3
Lair:3:   layout_gridlike, basic_altar, nicolae_volcano_entry_two_sided,
          grunt_megastairs_2, lemuel_fruit_tree, uniq_josephine
Lair:4:   layout_gridlike, grunt_megastairs_1
Lair:5:   minmay_lair_end_enchanted_forest, layout_gridlike,
          dpeg_slime_entry_enclosed, worms_lemuel, infiniplex_staircase_pool
Swamp:1:  layout_falls_marsh, nicolae_swamp_decorative_isthmus, swamp_pool5
Swamp:2:  layout_basic_swamp, gammafunk_ghost_wrathful_warriors,
          serial_swamp_ruin, evilmike_swamp_ruin_house_1,
          evilmike_swamp_ruin_house_2
Swamp:3:  layout_basic_swamp, nicolae_swamp_small_spring
Swamp:4:  nzn_swamp_witches_coven, layout_basic_swamp, swamp_pool1
Spider:1: layout_spider_delve, guppyfry_spider_mini_2
Spider:2: layout_chambers, hangedman_spider_tarantella_strand
Spider:3: layout_spider_delve
Spider:4: hellmonk_spider_rune_bug_friends, uniq_arachne
Orc:1:    layout_diamond_mine, serial_shops, nicolae_shop_hallway_plus,
          nicolae_square_shop, hangedman_feature_mirror, nicolae_specific_store,
          david_defended_altar_orc
Orc:2:    grunt_orc_tribal_feast, layout_diamond_mine
Elf:1:    minmay_elf_arrival_circle, layout_geoelf_octagon, serial_shops, shop,
          minivault_28, uniq_jorgrun, uniq_aizul
Elf:2:    elven_hall_of_blades_hangedman_original [nicolae_blade_little_rooms],
          layout_onion_city, serial_shops, nicolae_shop_overgrown_old_shop
Elf:3:    grunt_elf_hall_asides, layout_geoelf_castle,
          nicolae_shop_firing_range, minmay_shop_grove
Vaults:1: ontoclasm_vaults_shuriken, v_misc_18, nicolae_vaults_circle_grid_a,
          vaults_room_grid, nicolae_vaults_big_ls,
          vaults_room_grunt_arrival_ludios, nicolae_vaults_what_the_h,
          vaults_room_door_hall, nicolae_vaults_yaktaur_gun_rack,
          nicolae_vaults_little_squares_3, layout_vaults_big_room, serial_shops,
          shop_fountains
Vaults:2: gammafunk_sealed_library, vaults_standard_mumra_lines,
          minmay_crypt_entry_simple_plaza, hangedman_vaults_hat,
          ontoclasm_vaults_twist, vaults_room_door_ring,
          layout_vaults_omnicross, serial_shops, nicolae_shop_trees, uniq_nikola
Vaults:3: v_misc_27, ontoclasm_vaults_gallery,
          vaults_room_grunt_arrival_checkpoint, ontoclasm_vaults_ligature,
          v_misc_33, ontoclasm_vaults_spin, serial_ice_g, vaults_dpeg_diagonal,
          layout_vaults_omnigrid
Vaults:4: v_misc_15, hangedman_vaults_stream, vaults_standard_mumra_x,
          vaults_room_ringed_pool, nicolae_vaults_network_barrier,
          vaults_mumra_chevron_long, v_pattern_4, nicolae_vaults_rhombus_7,
          v_misc_12, hangedman_vaults_trim, vaults_room_semicircle,
          nicolae_vaults_asterisk, layout_vaults_maze_bifur
Vaults:5: uniq_margery, uniq_sojobo
Depths:1: layout_gridlike, enter_ziggurat_f,
          nicolae_hell_entry_hellmouth_sunbeams, minmay_stone_trees_small,
          minmay_protected_statue
Depths:2: gammafunk_corrupted_shrine, layout_gridlike, pan_entry,
          minmay_misc_feat_five, hellmouth_1
Depths:3: cheibrodos_witchhunters_guild, layout_gridville, serial_shops,
          nicolae_diamond_shop, pf_hell_entry_great_geh,
          hangedman_decor_clover_reticule, abyss_entry, hallowed_hall,
          uniq_frederick
Depths:4: grunt_zot_entry_funnels, layout_basic, special_room
          [special_room_jelly], abyss_entry, doesnt_xom_only_xom, hell_entry,
          minmay_misc_feat_x
Zot:1:    layout_twisted_circle, grunt_megastairs_5, uniq_josephina, uniq_tiamat
Zot:2:    layout_misc_corridors, drop_trap, zot_minivault_1
Zot:3:    layout_onion, guppyfry_library_mini
Zot:4:    layout_basic, lemuel_flame_loot_1
Zot:5:    layout_concentric_octagons, nicolae_shop_clearance

Skill      XL: |  1  2  3  4  5  6  7  8  9 10 11 12 13 14 15 16 17 18 19 20 21 22 23 24 25 26 27 |
---------------+----------------------------------------------------------------------------------+-----
Fighting       | 4 5 7 8 10 13 15 16 17 18 19 20 21 22 23 25 26 27 | 27.0
Armour         | 4 5 7 8 10 11 12 13 14 15 16 17 18 19 20 21 | 21.6
Shields        | 4 5 7 13 14 | 14.3
Maces & Flails | 3 4 6 7 9 10 11 12 13 14 15 16 | 16.0
Invocations    | 1 5 7 9 11 | 11.3
Dodging        | 3 5 7 8 9 10 12 14 16 17 19 22 23 24 | 24.1
Evocations     | 3 6 7 9 10 11 12 | 12.3
Throwing       | 2 5 7 9 11 | 11.1
Spellcasting   | 4 |  4.2

Action                   |  1- 3 |  4- 6 |  7- 9 | 10-12 | 13-15 | 16-18 | 19-21 | 22-24 | 25-27 || total
-------------------------+-------+-------+-------+-------+-------+-------+-------+-------+-------++-------
Melee: Flail             |    89 |   266 |     9 |       |       |       |       |       |       ||   364
       Dire flail        |       |       |    92 |       |       |       |       |       |       ||    92
       Morningstar       |       |       |   125 |   344 |   906 |  1279 |  1731 |  1723 |  1534 ||  7642
       Punch             |       |       |     2 |     1 |       |       |       |       |       ||     3
       Unarmed           |       |       |       |       |       |       |       |       |    14 ||    14
Throw: Dart              |       |       |       |     5 |     2 |       |       |    11 |    29 ||    47
       Javelin           |       |       |       |       |       |     4 |    11 |    21 |     3 ||    39
       Boomerang         |       |       |       |       |       |       |    29 |       |    10 ||    39
Invok: Heroism           |       |       |       |     2 |     6 |     3 |     3 |    10 |     4 ||    28
       Finesse           |       |       |       |     1 |     4 |     3 |     4 |     4 |     3 ||    19
Evoke: Wand              |       |       |       |       |       |       |     4 |       |     4 ||     8
  Use: Scroll            |       |     6 |     1 |    11 |     9 |    10 |     3 |    11 |    12 ||    63
       Potion            |       |     1 |       |     1 |    11 |     2 |     9 |     4 |     2 ||    30
 Stab: Invisible         |       |       |       |       |       |       |       |     1 |       ||     1
       Distracted        |       |       |       |       |       |       |       |     1 |       ||     1
       Held in net/web   |       |       |       |       |       |       |       |       |     1 ||     1
Armor: Scale mail        |    52 |   235 |       |   142 |  1009 |   783 |   902 |   158 |       ||  3281
       Ring mail         |       |       |   142 |   140 |    32 |       |       |       |       ||   314
       Plate armour      |       |       |       |     4 |       |   453 |   476 |   574 |       ||  1507
       Gold dragon scale |       |       |       |       |       |       |       |   553 |  1339 ||  1892
Dodge: Dodged            |    27 |   198 |   163 |   191 |   703 |   825 |  1293 |  1070 |   937 ||  5407
Block: Buckler           |    21 |   100 |     1 |   103 |   417 |   534 |   767 |   698 |   475 ||  3116
       Reflection        |       |       |       |       |       |       |    35 |    27 |    19 ||    81
       Tower shield      |       |       |       |       |       |       |       |       |   469 ||   469

Table legend: (Time is in decaauts)
 A = Elapsed time spent in this place.
 B = Non-inter-level travel time spent in this place.
 C = Inter-level travel time spent in this place.
 D = Time resting spent in this place.
 E = Time spent auto-exploring this place.
 F = Levels seen in this place.
 G = Mean time per level.
                   A        B        C        D        E       F      G
               +--------+--------+--------+--------+--------+-----+--------+
         Total |  59214 |  55381 |   3833 |   6032 |  21796 |  56 | 1057.4 |
       Dungeon |  14447 |  12910 |   1537 |   1012 |   8382 |  15 |  963.1 |
        Temple |    149 |    127 |     22 |      0 |     55 |   1 |  149.0 |
          Lair |   6015 |   5451 |    564 |    142 |   3219 |   5 | 1203.0 |
         Swamp |   2901 |   2779 |    122 |     34 |   1153 |   4 |  725.2 |
   Spider Nest |   3940 |   3681 |    259 |    334 |   1514 |   4 |  985.0 |
  Orcish Mines |   1732 |   1537 |    195 |    139 |    817 |   2 |  866.0 |
   Elven Halls |   3769 |   3613 |    156 |    306 |   1286 |   3 | 1256.3 |
        Vaults |   9077 |   8705 |    372 |   1331 |   2623 |   5 | 1815.4 |
        Depths |   8284 |   7789 |    495 |   1543 |    987 |   4 | 2071.0 |
           Zot |   6634 |   6526 |    108 |   1088 |   1181 |   5 | 1326.8 |
         Abyss |     91 |     91 |      0 |      0 |     31 |   3 |   30.3 |
         Sewer |    678 |    678 |      0 |      0 |    373 |   1 |  678.0 |
       Ossuary |    309 |    309 |      0 |      0 |     32 |   1 |  309.0 |
      Ice Cave |    392 |    392 |      0 |     30 |     34 |   1 |  392.0 |
       Volcano |    208 |    208 |      0 |      0 |     55 |   1 |  208.0 |
      Gauntlet |    581 |    581 |      0 |     71 |     52 |   1 |  581.0 |
               +--------+--------+--------+--------+--------+-----+--------+

Top non-repeatable levels by time:
Depths:4: 2445 daAuts
Depths:3: 2391 daAuts
Vaults:5: 2361 daAuts
   Zot:1: 2154 daAuts
Vaults:4: 2115 daAuts
Depths:1: 1989 daAuts
    D:15: 1963 daAuts
  Lair:2: 1694 daAuts
   Elf:3: 1604 daAuts
Vaults:3: 1600 daAuts
    D:13: 1531 daAuts
Vaults:2: 1520 daAuts
   Zot:2: 1512 daAuts
Vaults:1: 1478 daAuts
Depths:2: 1458 daAuts
